 Dungeon Crawl Stone Soup version 0.29.1-12-g30fa7ad0bf (webtiles) character file.

Game seed: 3694077874502187581

109417 FexLirch the Stormcaller (level 16, -3/96 HPs)
             Began as a Tengu Air Elementalist on Dec 15, 2022.
             Was an Initiate of Gozag.
             Slain by an alligator (33 damage)
             ... on level 2 of the Swamp.
             The game lasted 02:55:34 (35218 turns).

FexLirch the Stormcaller (Tengu Air Elementalist)  Turns: 35218, Time: 02:55:34

Health: -3/96      AC: 20    Str:  9    XL:     16   Next: 52%
Magic:  21/38      EV: 19    Int: 28    God:    Gozag
Gold:   5239       SH:  7    Dex: 20    Spells: 5/32 levels left

rFire   . . .      SeeInvis +   U - +9 spear of Glamorous Gallantry {vorpal, Int+2 Dex+4}
rCold   + . .      Faith    .   g - +2 buckler
rNeg    + . .      Spirit   .   f - +4 ring mail of Qucloilaosh {rC+ Will+ Int+4}
rPois   +          Reflect  .   K - +2 hat {SInv}
rElec   +          Harm     .   E - +2 cloak "Put-Me-On" {Contam rElec rPois Will- rCorr}
rCorr   +          Rampage  .   H - +2 pair of gloves {Stlth+}
Will    ++++.                   (boots unavailable)
Stlth   +++.......              v - amulet "Danelluh" {Acrobat Will++ SInv}
HPRegen 0.26/turn               N - ring of Zattenoha {rN+ Will+ MP+9}
MPRegen 0.26/turn               C - ring of wizardry

@: gold aura, flying quickly and evasively, quick
A: beak, talons 3, nimble flight
a: Renounce Religion, Potion Petition, Call Merchant, Bribe Branch


You were on level 2 of the Swamp.
You worshipped Gozag.
Gozag was greatly pleased with you.
You visited 5 branches of the dungeon, and saw 23 of its levels.

You collected 7813 gold pieces.
You spent 2438 gold pieces at shops.
You paid 136 gold pieces to Gozag.

Inventory:

Hand Weapons
 U - the +9 spear of Glamorous Gallantry (weapon) {vorpal, Int+2 Dex+4}
   (You took it off an orc on level 3 of the Dungeon)

   It inflicts extra damage upon your enemies.
   Int:       It affects your intelligence (+2).
   Dex:       It affects your dexterity (+4).
Missiles
 s - 4 throwing nets
Armour
 f - the +4 ring mail of Qucloilaosh (worn) {rC+ Will+ Int+4}
   (You found it on level 6 of the Dungeon)

   Int:       It affects your intelligence (+4).
   rC:        It protects you from cold.
   Will:      It increases your willpower.
 g - a +2 buckler (worn)
 E - the +2 cloak "Put-Me-On" (worn) {Contam rElec rPois Will- rCorr}
   (You found it on level 2 of the Lair of Beasts)

   rElec:     It insulates you from electricity.
   rPois:     It protects you from poison.
   Contam:    It causes magical contamination when unequipped.
   rCorr:     It protects you from acid and corrosion.
   Will:      It decreases your willpower.
 H - a +2 pair of gloves of stealth (worn)
 K - a +2 hat of see invisible (worn)
Jewellery
 a - a ring of fire
 k - a +6 ring of strength
 v - the amulet "Danelluh" (around neck) {Acrobat Will++ SInv}
   (You bought it in a shop on level 8 of the Dungeon)

   [amulet of the acrobat]

   It increases your evasion while moving and waiting.
   SInv:      It lets you see invisible.
   Will:      It greatly increases your willpower.
 x - a ring of ice
 C - a ring of wizardry (right hand)
 D - a ring of positive energy
 J - a ring of protection from cold
 N - the ring of Zattenoha (left hand) {rN+ Will+ MP+9}
   (You bought it in a shop on level 8 of the Dungeon)

   [ring of magical power]

   rN:        It protects you from negative energy.
   MP:        It affects your magic capacity (+9).
   Will:      It increases your willpower.
 R - a ring of fire
 T - a ring of protection from cold
Wands
 w - a wand of flame (68)
 A - a wand of paralysis (14)
 P - a wand of iceblast (28)
 S - a wand of acid (7) (quivered)
Scrolls
 e - 5 scrolls of vulnerability {unknown}
 i - a scroll of fear
 l - 3 scrolls of fog
 m - 5 scrolls of magic mapping
 o - 5 scrolls of torment
 q - a scroll of immolation
 r - 7 scrolls of poison
 u - 7 scrolls of teleportation
 y - a scroll of summoning {unknown}
 B - 6 scrolls of noise
 M - a scroll of acquirement {unknown}
 Q - 4 scrolls of amnesia {unknown}
 W - 5 scrolls of blinking
Potions
 b - 2 potions of magic
 c - a potion of cancellation
 d - 3 potions of resistance
 h - 11 potions of curing
 j - 3 potions of lignification
 n - 3 potions of haste
 p - 2 potions of attraction
 t - 4 potions of heal wounds
 F - 5 potions of might
 I - 3 potions of degeneration {unknown}
 O - 4 potions of brilliance
 V - 4 potions of mutation {unknown}
 X - 2 potions of invisibility
 Y - a potion of berserk rage {unknown}
 Z - 3 potions of ambrosia {unknown}
Miscellaneous
 z - a lightning rod (4/4)
 G - a phantom mirror
 L - a condenser vane


   Skills:
 + Level 9.5 Fighting
 - Level 1.6 Polearms
 + Level 10.9 Armour
 + Level 10.7 Dodging
 - Level 2.0 Stealth
 * Level 2.5 Shields
 + Level 8.9 Spellcasting
 * Level 19.3 Conjurations
 + Level 5.4 Translocations
 * Level 19.6 Air Magic


You had 5 spell levels left.
You knew the following spells:

 Your Spells              Type           Power      Damage    Failure   Level
a - Shock                 Conj/Air       100%       1d9       0%          1
b - Static Discharge      Conj/Air       88%        3-14/arc  0%          2
c - Swiftness             Air            89%        N/A       0%          3
d - Airstrike             Air            44%        2d(7-23)  1%          4
e - Stone Arrow           Conj/Erth      100%       3d13      1%          3
f - Lightning Bolt        Conj/Air       44%        1d63      1%          5
g - Apportation           Tloc           86%        N/A       1%          1
h - Maxwell's Capacitive  Air            44%        ∞         11%         8

Your spell library contained the following spells:

 Spells                   Type           Power      Damage    Failure   Level
 Gell's Gravitas          Tloc           43%        N/A       1%          3
 Lesser Beckoning         Tloc           43%        N/A       1%          3
 Teleport Other           Tloc           43%        N/A       1%          3
 Silence                  Hex/Air        30%        N/A       2%          5
 Sandblast                Erth           24%        2d8       5%          1
 Passage of Golubria      Tloc           43%        N/A       6%          4
 Ensorcelled Hibernation  Hex/Ice        24%        N/A       9%          2
 Passwall                 Tmut/Erth      10%        N/A       9%          2
 Scorch                   Fire           24%        2d6       9%          2
 Confusing Touch          Hex            12%        N/A       16%         3
 Ozocubu's Armour         Ice            12%        N/A       16%         3
 Alistair's Intoxication  Tmut/Pois      8%         N/A       78%         5
 Yara's Violent Unravell  Hex/Tmut       6%         3d5       78%         5
 Chain Lightning          Conj/Air       44%        3d58      85%         9
 Lehudib's Crystal Spear  Conj/Erth      30%        10d8      99%         8
 Ozocubu's Refrigeration  Ice            6%         4d8       100%        7
 Fire Storm               Conj/Fire      30%        8d8       100%        9
 Shatter                  Erth           6%         3d9*      100%        9


Dungeon Overview and Level Annotations

Branches:
Dungeon (12/15)            Temple (1/1) D:6            Lair (5/5) D:8
  Swamp (3/4) Lair:2       Spider (0/4) Lair:3        Slime (0/5) Lair:5
    Orc (2/2) D:9             Elf (0/3) Orc:2

Altars:
Ashenzari
Cheibriados
Dithmenos
Elyvilon
Fedhas
Gozag
Makhleb
Nemelex Xobeh
Okawaru
Qazlal
Sif Muna
Trog
Uskayaw
Vehumet
Xom
Yredelemnul
Zin
Jiyva

Shops:
D:4 *   D:8 ?=   Orc:2 :[*(=

Portals:
Abyss: Lair:4

Annotations:
D:11 Amaemon
Lair:4 2 transporters, kingsuperguy's ghost, journeyman MiHu


Innate Abilities, Weirdness & Mutations

You have a beak for a mouth.
You have claws for feet.
Your magical nature lets you fly swiftly and evasively.


Message History

Casting: Static Discharge (safe; 0% risk of failure)
Confirm with . or Enter, or press ? or * to list all spells.
Okay, then.
Unknown command.
Unknown command.
Casting: Static Discharge (safe; 0% risk of failure)
Confirm with . or Enter, or press ? or * to list all spells.
Okay, then.
Unknown command.
Unknown command.
Press: ? - help, v - describe, . - travel
Here: an alligator (strong, covering ground quickly)
The floor.
Casting: Static Discharge (safe; 0% risk of failure)
Confirm with . or Enter, or press ? or * to list all spells.
The alligator is struck by an arc of lightning.
The alligator is lightly wounded.
You resist.
You are struck by an arc of lightning.
The alligator is struck by an arc of lightning.
The alligator is lightly wounded.
You resist.
You are struck by an arc of lightning.
The alligator is struck by an arc of lightning!
The alligator is moderately wounded.
You resist.
You are struck by an arc of lightning.
The lightning grounds out.
You block the alligator's attack.
The alligator tail-slaps you but does no damage.
The alligator barely misses you. The alligator tail-slaps you.
Unknown command.
Unknown command.
Casting: Static Discharge (safe; 0% risk of failure)
Confirm with . or Enter, or press ? or * to list all spells.
The alligator is struck by an arc of lightning.
The alligator is moderately wounded.
You resist.
You are struck by an arc of lightning.
The alligator is struck by an arc of lightning!
The alligator is heavily wounded.
You resist.
You are struck by an arc of lightning.
The lightning grounds out.
The alligator bites you!!
You die...
Your body crumbles into a pile of gold.

~§~~~...~~~.♣♣ ♣♣.~~~~~....##....
~~~~§...~~~..♣♣♣.~~~§~~....##....
~~~..~♣♣.~....♣♣.~~~§~~~........♣
~~..~~~♣~...~~.♣~.§~~~~....##....
..~~.♣♣♣.~..~~.♣♣..~§##..###.####
~..~~.♣♣~~.♣~..♣♣♣~.#############
♣♣~...♣♣.~♣♣♣♣♣♣ ♣♣.~~......#....
♣♣~.♣♣♣♣♣♣ ♣♣♣♣..~~~♣....#....
♣♣♣♣ ♣.@.~§~~~~♣..##....
♣.t.~~~.~~....#..~.
♣♣♣......~..§##..~.
♣♣♣♣♣♣♣♣..[##.~.. ♣♣♣..#~.~♣
♣♣...~♣. ♣♣.~~~~ ♣...~~. ♣...~~~


You could see an alligator (strong, swift).

Vanquished Creatures
  Bai Suzhen (Swamp:3)
  Gastronok (D:9)
  Kirke (Swamp:3)
  The ghost of warriortoast the Marksspriggan, an adept SpHu of Fedhas (Orc:2)
  A fenstrider witch (Swamp:3)
  2 orc warlords (Orc:2)
  4 ghouls (Swamp:2)
  A dire elephant (Lair:3)
  2 eleionomae
  3 bunyips
  The ghost of Smersh616 the Thaumaturge, a journeyman OpDe of Ashenzari (Lair:2)
  A shambling mangrove (Swamp:2)
  Erolcha (D:10)
  Harold (D:10)
  9 hydras
  2 catoblepae (Lair:5)
  9 alligators
  21 death yaks
  2 two-headed ogres
  A deep troll shaman (Lair:5)
  4 orc high priests (Orc:2)
  Urug (Lair:1)
  4 spriggans
  3 goliath frogs
  3 spriggan druids
  3 bog bodies
  4 orc knights
  The ghost of dornbeast the Slasher, a novice DsGl of Sif Muna (D:6)
  5 cyclopes
  4 orc sorcerers (Orc:2)
  An oklob plant (Lair:3)
  A moth of wrath (Lair:2)
  An eye of devastation (Lair:5)
  2 black mambas
  A manticore (D:11)
  Maurice (D:10)
  34 elephants
  A torpor snail (Lair:4)
  10 cane toads
  Psyche (D:10)
  5 rime drakes
  8 komodo dragons
  5 trolls
  2 bloated husks
  2 hornets
  4 polar bears
  5 tyrant leeches
  26 blink frogs
  5 slime creatures (D:11)
  3 dream sheep
  Sigmund (D:3)
  A hog (Swamp:3)
  5 wyverns
  A vampire (D:9)
  2 wraiths
  The ghost of soggyman666 the Shield-Bearer, an amateur GnFi (D:3)
  2 basilisks (Lair:2)
  41 yaks
  2 vampire mosquitoes (D:10)
  A steam dragon (D:7)
  A warg (Orc:2)
  Menkaure (D:6)
  2 redbacks (Lair:3)
  Duvessa (D:7)
  14 water moccasins
  7 swamp worms
  A floating eye (Lair:5)
  3 sky beasts
  38 orc warriors
  2 swamp drakes
  5 black bears
  12 wolves
  4 ogres
  7 centaurs
  2 kobold brigands
  Blork the orc (D:5)
  2 gnoll sergeants
  11 bullfrogs
  A necrophage (Swamp:2)
  A spectral warg (Orc:2)
  A two-headed ogre simulacrum (Orc:2)
  4 scorpions
  14 wights
  Dowan (D:7)
  10 killer bees
  2 electric eels (D:11)
  4 howler monkeys
  2 hounds
  21 orc priests
  A gnoll bouda (Orc:2)
  2 jellies
  An iguana (D:5)
  29 orc wizards
  6 hell rats (Lair:2)
  16 gnolls
  9 adders
  2 white imps
  2 ufetubi
  2 orc simulacra (Orc:2)
  5 worms
  7 dart slugs
  104 orcs
  5 endoplasms
  A giant cockroach (D:1)
  5 goblins
  6 hobgoblins
  6 jackals (D:2)
  2 quokkas
  4 ball pythons
  2 bats
  2 frilled lizards
  16 kobolds
  5 rats
  3 spectral orcs
690 creatures vanquished.

Vanquished Creatures (others)
  A bloated husk (Swamp:1)
  3 humans (Swamp:3)
  An orc wizard (Orc:2)
  2 bushes
  25 fungi
  69 plants
101 creatures vanquished.

Grand Total: 791 creatures vanquished

Notes
Turn   | Place    | Note
-------+----------+-------------------------------------------
     0 | D:1      | FexLirch the Tengu Air Elementalist began the quest for the
                  | Orb.
     0 | D:1      | Reached XP level 1. HP: 10/10 MP: 4/4
   393 | D:1      | Reached XP level 2. HP: 15/15 MP: 1/6
  1426 | D:2      | Reached XP level 3. HP: 19/19 MP: 4/7
  1499 | D:1      | Learned a level 2 spell: Static Discharge
  1503 | D:1      | Learned a level 3 spell: Swiftness
  1590 | D:2      | Found a faded altar of an unknown god.
  1597 | D:2      | Reached skill level 5 in Air Magic
  1687 | D:2      | Reached XP level 4. HP: 17/24 MP: 5/8
  2894 | D:3      | Found a white marble altar of Elyvilon.
  2953 | D:4      | Found a hide-covered altar of Uskayaw.
  3141 | D:3      | Gained mutation: Your magical nature lets you fly swiftly
                  | and evasively. [Tengu growth]
  3141 | D:3      | Reached XP level 5. HP: 28/28 MP: 4/9
  3249 | D:3      | Found a runed translucent gate.
  3249 | D:3      | Identified the +9 spear of Glamorous Gallantry {vorpal,
                  | Int+2 Dex+4}
  3249 | D:3      | Noticed soggyman666's ghost (amateur GnFi)
  3251 | D:3      | Found a runed translucent gate.
  3252 | D:3      | Found a runed translucent gate.
  3742 | D:3      | Noticed Sigmund
  3795 | D:5      | Entered Level 5 of the Dungeon
  3912 | D:5      | Reached skill level 5 in Conjurations
  3951 | D:5      | Reached XP level 6. HP: 17/32 MP: 5/10
  4102 | D:5      | Noticed Blork the orc
  4115 | D:5      | Killed Blork the orc
  4255 | D:5      | Reached XP level 7. HP: 25/36 MP: 0/11
  4723 | D:4      | Found Ikoap's Assorted Antiques.
  4726 | D:4      | Bought a scroll of identify for 40 gold pieces
  4771 | D:4      | Learned a level 4 spell: Airstrike
  4789 | D:4      | Found a stormy altar of Qazlal.
  4832 | D:4      | Found a basalt altar of Yredelemnul.
  5081 | D:6      | Identified the +4 ring mail of Qucloilaosh {rC+ Will+
                  | Int+4}
  5203 | D:6      | Reached skill level 1 in Armour
  5203 | D:6      | Reached XP level 8. HP: 41/41 MP: 3/12
  5605 | D:6      | Found a staircase to the Ecumenical Temple.
  5621 | D:6      | Noticed Menkaure
  5627 | D:6      | Killed Menkaure
  5630 | Temple   | Entered the Ecumenical Temple
  5757 | Temple   | Became a worshipper of Gozag Ym Sagoz the Greedy
  5936 | D:6      | Found a runed translucent door.
  5937 | D:6      | Noticed dornbeast's ghost (novice DsGl)
  6127 | D:7      | Reached skill level 10 in Air Magic
  6757 | D:7      | Reached XP level 9. HP: 30/45 MP: 3/13
  6881 | D:7      | Reached skill level 10 in Conjurations
  6894 | D:7      | Found a radiant altar of Vehumet.
  6948 | D:7      | Noticed a two-headed ogre
  7104 | D:7      | Killed a two-headed ogre
  7105 | D:7      | Reached skill level 1 in Fighting
  7237 | D:7      | Noticed Dowan
  7394 | D:7      | Noticed Duvessa
  7395 | D:7      | Killed Dowan
  7508 | D:7      | Noticed a cyclops
  7514 | D:7      | Noticed a cyclops
  7519 | D:7      | Killed a cyclops
  7524 | D:7      | Killed a cyclops
  7525 | D:7      | Reached XP level 10. HP: 41/54 MP: 4/15
  7737 | D:8      | Found Ushaoqas's Jewellery Boutique.
  8032 | D:7      | Killed Duvessa
  8449 | D:8      | Reached skill level 5 in Armour
  8755 | D:8      | Found a burning altar of Makhleb.
  8858 | D:8      | Found Fedityd's Magic Scroll Shop.
  8874 | D:8      | Bought a scroll of teleportation for 42 gold pieces
  8877 | D:8      | Bought a scroll of fear for 56 gold pieces
  8877 | D:8      | Bought a scroll of identify for 28 gold pieces
  8877 | D:8      | Bought a scroll of identify for 28 gold pieces
  8877 | D:8      | Bought a scroll of identify for 28 gold pieces
  9200 | D:8      | Bought the ring of Zattenoha {rN+ Will+ MP+9} for 478 gold
                  | pieces
  9228 | D:9      | Found a staircase to the Orcish Mines.
  9237 | D:9      | Found a shadowy altar of Dithmenos.
  9272 | D:9      | Noticed Gastronok
  9345 | D:8      | Noticed a two-headed ogre
  9366 | D:8      | Killed a two-headed ogre
  9730 | D:8      | Found a staircase to the Lair.
 10378 | D:9      | Found a snail-covered altar of Cheibriados.
 10379 | D:9      | Found a broken altar of Ashenzari.
 10380 | D:9      | Found an iron altar of Okawaru.
 10513 | D:9      | Reached skill level 5 in Dodging
 10517 | D:9      | Reached XP level 11. HP: 29/60 MP: 14/18
 11554 | Orc:1    | Entered Level 1 of the Orcish Mines
 11664 | Orc:1    | Noticed an orc knight
 11667 | Orc:1    | HP: 2/61 [orc/boomerang[an orc knight] (2)]
 11811 | D:10     | Entered Level 10 of the Dungeon
 11811 | D:10     | Noticed Maurice
 11815 | D:10     | Killed Maurice
 11950 | D:10     | Identified the +10 quarterstaff of Jydamn {vorpal, rC-
                  | Int+4 Stlth+}
 11974 | D:10     | Found a shimmering altar of Xom.
 11974 | D:10     | Found a shimmering altar of Xom.
 11975 | D:10     | Found a shimmering altar of Xom.
 11975 | D:10     | Found a shimmering altar of Xom.
 11976 | D:10     | Found a shimmering altar of Xom.
 12088 | D:11     | Noticed a seven-headed hydra
 12165 | D:11     | Noticed Amaemon
 12316 | D:10     | Noticed a cyclops
 12648 | D:10     | Killed a cyclops
 12713 | D:10     | Found a shimmering blue altar of Sif Muna.
 12737 | D:10     | Learned a level 3 spell: Stone Arrow
 12737 | D:10     | Noticed Harold
 12751 | D:10     | Killed Harold
 13173 | D:10     | Found a sparkling altar of Nemelex Xobeh.
 13228 | D:10     | Noticed Erolcha
 13236 | D:10     | Killed Erolcha
 13424 | D:10     | Reached skill level 5 in Spellcasting
 13486 | D:10     | Noticed Psyche
 13509 | D:10     | Killed Psyche
 13522 | D:10     | Reached skill level 5 in Fighting
 14377 | D:10     | Noticed a faun
 14377 | D:10     | Noticed a wolf spider
 14554 | D:12     | Noticed a cyclops
 14558 | D:12     | Killed a cyclops
 14559 | D:12     | Reached XP level 12. HP: 68/68 MP: 9/20
 15121 | D:12     | Got the Essays on Fey Kindling
 15378 | D:11     | Killed a seven-headed hydra
 16505 | D:8      | Bought the amulet "Danelluh" {Acrobat Will++ SInv} for 717
                  | gold pieces
 16539 | Lair:1   | Entered Level 1 of the Lair of Beasts
 16689 | Lair:1   | Noticed a six-headed hydra
 16694 | Lair:1   | Killed a six-headed hydra
 16872 | Lair:1   | Reached skill level 15 in Air Magic
 17473 | Lair:1   | Reached skill level 15 in Conjurations
 17762 | Lair:1   | Noticed Urug
 17769 | Lair:1   | Killed Urug
 18260 | Lair:2   | Learned a level 5 spell: Lightning Bolt
 18304 | Lair:2   | Found a transporter.
 18307 | Lair:2   | Noticed Smersh616's ghost (journeyman OpDe)
 18323 | Lair:2   | Found a transporter.
 18388 | Lair:2   | Reached XP level 13. HP: 75/75 MP: 9/23
 18578 | Lair:2   | Found a staircase to the Swamp.
 18861 | Lair:2   | Learned a level 1 spell: Apportation
 18888 | Lair:2   | You are sucked into a shaft and drop 1 floor!
 18888 | Lair:3   | Found a sparkling altar of Nemelex Xobeh.
 19632 | D:9      | Killed Gastronok
 19803 | D:6      | Killed dornbeast's ghost
 19804 | D:6      | Reached skill level 1 in Translocations
 20365 | D:3      | Killed Sigmund
 20381 | D:3      | Killed soggyman666's ghost
 20612 | Lair:2   | Identified the +2 cloak "Put-Me-On" {Contam rElec rPois
                  | Will- rCorr}
 20768 | Lair:2   | Killed Smersh616's ghost
 21096 | Lair:3   | Found a hole to the Spider Nest.
 21686 | Lair:4   | Noticed kingsuperguy's ghost (journeyman MiHu)
 21698 | Lair:4   | Found a transporter.
 21738 | Lair:4   | Found a transporter.
 22274 | Lair:4   | Reached XP level 14. HP: 82/82 MP: 6/25
 22984 | Lair:4   | Noticed a dire elephant
 22992 | Lair:3   | Killed a dire elephant
 23923 | Lair:4   | Found a one-way gate to the infinite horrors of the Abyss.
 24105 | Lair:5   | Entered Level 5 of the Lair of Beasts
 24279 | Lair:4   | Learned a level 8 spell: Maxwell's Capacitive Coupling
 24849 | Lair:4   | Noticed an emperor scorpion
 25691 | Lair:4   | Reached XP level 15. HP: 83/88 MP: 8/27
 26188 | Lair:5   | Found a staircase to the Slime Pits.
 26188 | Lair:5   | Found a viscous altar of Jiyva.
 26592 | Lair:5   | Reached skill level 10 in Armour
 27230 | Lair:5   | Identified the amulet of Akhab {Faith SInv}
 28089 | Orc:2    | Entered Level 2 of the Orcish Mines
 28089 | Orc:2    | Found a runed translucent gate.
 28089 | Orc:2    | Found a runed translucent gate.
 28089 | Orc:2    | Found a runed translucent gate.
 28091 | Orc:2    | Noticed warriortoast's ghost (adept SpHu)
 28205 | Orc:2    | Noticed an orc warlord
 28372 | Orc:2    | Found a staircase to the Elven Halls.
 28712 | Orc:2    | Killed an orc warlord
 29223 | Orc:2    | Reached skill level 10 in Dodging
 29251 | Orc:2    | Found Pourawew's Vocational Training.
 29264 | Orc:2    | Noticed an orc warlord
 29515 | Orc:2    | Killed an orc warlord
 30226 | Orc:2    | Found Oxuxuvvihur's General Store.
 30226 | Orc:2    | Found Ogakot's Jewellery Shop.
 30227 | Orc:2    | Found Eghanat's Antique Armour Boutique.
 30227 | Orc:2    | Found Ojelim's Antique Weapon Boutique.
 30536 | Orc:2    | Found a bloodstained altar of Trog.
 30828 | Orc:2    | Bought a bloodstained long sword for 280 gold pieces
 30828 | Orc:2    | Identified the +7 long sword "Wener" {vorpal, rElec} (You
                  | bought it in a shop on level 2 of the Orcish Mines)
 30828 | Orc:2    | Bought a bloodstained dagger for 231 gold pieces
 30828 | Orc:2    | Identified the +7 dagger of the Chain {flame, Int+4} (You
                  | bought it in a shop on level 2 of the Orcish Mines)
 30843 | Orc:2    | Bought a ring of wizardry for 510 gold pieces
 31031 | Orc:2    | Killed warriortoast's ghost
 31410 | Swamp:1  | Entered Level 1 of the Swamp
 32356 | Swamp:2  | Reached XP level 16. HP: 96/96 MP: 27/29
 32374 | Swamp:3  | Noticed Kirke
 32381 | Swamp:2  | Reached skill level 1 in Polearms
 32551 | Swamp:2  | Reached skill level 5 in Translocations
 33830 | Swamp:2  | Reached skill level 1 in Shields
 34396 | Swamp:3  | Noticed Bai Suzhen
 34547 | Swamp:3  | Killed Kirke
 34555 | Swamp:3  | Killed Bai Suzhen
 34711 | Swamp:3  | Noticed a fenstrider witch
 35052 | Swamp:3  | Killed a fenstrider witch
 35218 | Swamp:2  | Slain by an alligator

Illustrated notes

Levels and vault maps discovered:
D:1:      dpeg_arrival_tiny_d, layout_loops_corners, chequers_decorated_corner,
          minmay_misc_feat_enclosed, dreamdust_wishing_well
D:2:      layout_loops_ring, dreamdust_ecumenical_altar_statues,
          kennysheep_generic_room_14
D:3:      layout_basic, elyvilon_altar_1, overflow_temple_1_default,
          biasface_ghost_orc_armoury, kennysheep_orc_chapel, uniq_sigmund
D:4:      layout_cave_pools, nicolae_uskayaw_suspiria, lemuel_tele_altar,
          yredelemnul_forgotten_temple_becter, serial_shops, kennysheep_mini,
          kennysheep_another_room, minmay_cut_off
D:5:      layout_rooms, minmay_misc_feat_x, uniq_blork_the_orc
D:6:      layout_rooms, minmay_temple_entry_arrows,
          ebering_ghost_reflecting_pool, uniq_menkaure
D:7:      minmay_the_grid_four_pointed_star
          [minmay_the_grid_triangle_9x9_zippers_vertical,
          minmay_the_grid_triangle_9x9_swiss_cheese,
          minmay_the_grid_triangle_9x9_shrine,
          minmay_the_grid_triangle_9x9_dagger,
          minmay_the_grid_prize_diamond_cup], layout_basic, lemuel_doored_altar,
          uniq_duvessa
D:8:      layout_basic, bloody_makhleb, lair_entry_dummy, serial_shops,
          kennysheep_mini_moat, nicolae_stop_n_shop_2
D:9:      layout_basic, nicolae_dithmenos_shadow_blocks,
          gammafunk_temple_overflow_forgotten, orc_0_dummy, uniq_gastronok
D:10:     nicolae_cairo_tiling_very_big, layout_loops_ring,
          mainiacjoe_overflow_chevrons, led_sif_pool, xom_shifter_show,
          uniq_harold, uniq_erolcha, uniq_psyche, uniq_maurice
D:11:     layout_stronghold, serial_bayou, serial_bayou_pond_a,
          serial_bayou_ford_a, serial_bayou_pond_c, serial_bayou_shore_b,
          evilmike_butchery, uniq_amaemon
D:12:     layout_loops_ring, hangedman_decor_opposing
Temple:   nicolae_temple_superstar
Lair:1:   layout_gridlike, infiniplex_staircase_pool_2, uniq_urug
Lair:2:   layout_roguey, swamp_mist, gammafunk_ghost_berserking_beasts,
          patterned_corridor, lemuel_fruit_tree
Lair:3:   layout_roguey, spider_nest_entry_webs, lemuel_oklob_altar
Lair:4:   beast_lair_carwin_large_1, layout_long_grid,
          gammafunk_ghost_abyssal_escape, st_stairs_7,
          chequers_serial_rivers_small_b
Lair:5:   grunt_lair_end_beastmaster, layout_big_grid, minmay_slime_entry_eyes
Swamp:1:  layout_falls_marsh, evilmike_swamp_ruin_house_1
Swamp:2:  layout_basic_swamp, serial_swamp_ruin, evilmike_swamp_ruin_wall,
          evilmike_swamp_ruin_house_5
Swamp:3:  cheibrodos_swamp_heart_of_darkness, layout_falls_marsh,
          evilmike_swamp_ruin_rubble_1, uniq_kirke, uniq_bai_suzhen
Orc:1:    layout_caves, nicolae_orc_damp_corner
Orc:2:    st_orc_congregation, layout_caves, basic_altar,
          gammafunk_ghost_necromancy, nicolae_shop_vocational

Skill      XL: |  1  2  3  4  5  6  7  8  9 10 11 12 13 14 15 16 |
---------------+-------------------------------------------------+-----
Conjurations   | 2 3 4 5 6 8 9 11 12 13 15 16 17 18 19 | 19.3
Air Magic      | 5 6 7 8 10 11 13 14 15 16 18 19 | 19.6
Armour         | 1 3 4 5 6 7 8 9 10 | 10.9
Fighting       | 2 3 5 6 7 8 9 |  9.5
Dodging        | 3 5 6 7 8 9 10 | 10.7
Spellcasting   | 3 4 5 6 7 8 |  8.9
Translocations | 2 3 4 5 |  5.4
Polearms       | 1 |  1.6
Shields        | 2 |  2.5
Stealth        | |  2.0

Action                   |  1- 3 |  4- 6 |  7- 9 | 10-12 | 13-15 | 16-18 || total
-------------------------+-------+-------+-------+-------+-------+-------++-------
Melee: Short sword       |    17 |       |       |       |       |       ||    17
       Kick              |     3 |     6 |     5 |    14 |    66 |     7 ||   101
       Peck              |     1 |       |     4 |     7 |    43 |     6 ||    61
       Whip              |       |    14 |       |       |       |       ||    14
       Trident           |       |     1 |    50 |    23 |       |       ||    74
       Quarterstaff      |       |       |       |    24 |    11 |       ||    35
       Spear             |       |       |       |       |   222 |    22 ||   244
       Punch             |       |       |       |       |     1 |       ||     1
 Cast: Shock             |    46 |    78 |    96 |   156 |    15 |     4 ||   395
       Static Discharge  |     1 |    12 |    13 |    93 |   138 |    40 ||   297
       Airstrike         |       |       |    23 |   119 |   166 |    43 ||   351
       Swiftness         |       |       |     1 |     5 |     2 |     2 ||    10
       Stone Arrow       |       |       |       |     5 |     2 |       ||     7
       Lightning Bolt    |       |       |       |       |   206 |    24 ||   230
       Apportation       |       |       |       |       |     9 |       ||     9
       Maxwell's Capacit |       |       |       |       |     2 |     3 ||     5
Evoke: Wand              |       |       |     2 |       |     2 |       ||     4
       Phantom mirror    |       |       |     1 |       |       |       ||     1
  Use: Scroll            |       |       |    11 |    10 |     6 |     2 ||    29
       Potion            |       |       |       |     1 |       |       ||     1
 Stab: Sleeping          |     2 |     3 |       |     3 |     2 |       ||    10
       Paralysed         |       |       |     1 |       |       |       ||     1
       Distracted        |       |       |       |     2 |     4 |     1 ||     7
Armor: Robe              |     4 |       |       |       |       |       ||     4
       Leather armour    |     4 |     5 |     4 |       |       |       ||    13
       Ring mail         |       |       |    20 |    58 |   110 |    22 ||   210
Dodge: Dodged            |    12 |    19 |    43 |    96 |   355 |    78 ||   603
Block: Buckler           |       |       |       |       |       |    13 ||    13
